 Dungeon Crawl Stone Soup version 0.17.0-28-g6e173f8 (webtiles) character file.

200 M4edhros the Magician (level 5, 0/37 HPs)
             Began as an Octopode Wanderer on Nov 25, 2015.
             Succumbed to a worker ant's poison
             ... on level 4 of the Dungeon.
             The game lasted 00:02:12 (1668 turns).

M4edhros the Magician (Octopode Wanderer)           Turns: 1668, Time: 00:02:12

Health: 0/37       AC:  1    Str: 12    XL:     5   Next: 78%
Magic:  11/12      EV: 11    Int: 13    God:
Gold:   63         SH:  0    Dex: 13    Spells: 0 memorised, 13 levels left

rFire  . . .     SeeInvis .     b - +0 hand axe
rCold  . . .     Clarity  .     (no shield)
rNeg   . . .     SustAt   .     (helmet restricted)
rPois  .         Gourm    .     (no amulet)
rElec  .         Spirit   .     (no ring)
rCorr  .         Warding  .     (no ring)
rMut   .         Stasis   .     (no ring)
MR     .....                    (no ring)
Stlth  +++.......               (no ring)
                                (no ring)
                                (no ring)
                                (no ring)

@: lethally poisoned (0 -> -4), not resistant to hostile enchantments, fairly
stealthy
A: almost no armour, amphibious, 8 rings, constrict 8, camouflage 1, gelatinous
body 1
a: no special abilities


You were on level 4 of the Dungeon.
You were not hungry.

You visited 1 branch of the dungeon, and saw 4 of its levels.

You collected 63 gold pieces.

Inventory:

Hand Weapons
 b - a +0 hand axe (weapon)
 c - a +0 hand crossbow
 l - a +0 hunting sling
Missiles
 d - 43 bolts
 f - 46 stones (quivered)
 i - 15 bolts of frost
Scrolls
 g - 3 scrolls of remove curse {unknown}
 n - a scroll of enchant armour
Potions
 k - 2 potions of invisibility
Books
 a - a book of Geomancy

   Spells                             Type                      Level
   a - Sandblast                      Earth                        1
   b - Stoneskin                      Transmutation/Earth          2
   c - Passwall                       Transmutation/Earth          3
   d - Stone Arrow                    Conjuration/Earth            3
   e - Petrify                        Transmutation/Earth          4
   f - Lee's Rapid Deconstruction     Earth                        5
Comestibles
 e - 3 bread rations
 j - 4 fruits
 m - a meat ration


   Skills:
 - Level 4.0 Fighting
 - Level 1.0 Crossbows
 - Level 1.3 Stealth
   Level 1.0 Shields
 + Level 4.8 Spellcasting
   Level 3.0 Earth Magic


You had 13 spell levels left.
You didn't know any spells.

Dungeon Overview and Level Annotations

Branches:
Dungeon (4/15)
 Temple: D:4-7

Altars:
Ru


Innate Abilities, Weirdness & Mutations

You cannot wear most types of armour.
You are amphibious.
You can wear up to eight rings at the same time.
You can use your tentacles to constrict eight enemies at once.
Your skin changes colour to match your surroundings (Stealth).
Your rubbery body absorbs attacks (AC +1).


Message History

* * * LOW HITPOINT WARNING * * *
Drink which item? (? for menu, Esc to quit)
Okay, then.
You hit the worker ant but do no damage.
You squeeze the worker ant, but do no damage.
The worker ant is heavily wounded.
You constrict the worker ant. The worker ant bites you.
* * * LOW HITPOINT WARNING * * *
You are lethally poisoned!
The worker ant poisons you!
You slash the worker ant!
The worker ant is almost dead.
You constrict the worker ant.
You kill the worker ant!
* * * LOW HITPOINT WARNING * * *
You feel sick.
Unknown command.
Unknown command.
Unknown command.
You die...

##..###.........#
.### ###..##
#......#.
.....###..###
#....##.#
#......## #..#
#.. #####.## ###
#.. #### #.# ##.
.....#.## #.
.........## #.
.........@# ##
...........# ###
# ............#
##.###
.............#
##.....
.............(#
##......
...........>..#
##.......
+##.........(#
#....<...
#.........##
##........
##.........


There were no monsters in sight!

Vanquished Creatures
  An ogre (D:4)
  2 worker ants (D:4)
  3 adders
  A worm (D:2)
  4 giant geckos
  2 goblins (D:2)
  2 hobgoblins
  2 jackals (D:1)
  8 kobolds
  7 bats
  6 rats
38 creatures vanquished.

Notes
Turn   | Place    | Note
--------------------------------------------------------------
     0 | D:1      | M4edhros the Octopode Wanderer began the quest for the Orb.
     0 | D:1      | M4edhros set off with: a book of Geomancy, a +0 hand axe, a +0 hand crossbow, 26 bolts, a bread ration
     0 | D:1      | Reached XP level 1. HP: 17/17 MP: 1/1
    71 | D:1      | Reached skill level 1 in Spellcasting
   244 | D:1      | Reached XP level 2. HP: 16/22 MP: 4/4
   680 | D:2      | Reached XP level 3. HP: 14/27 MP: 6/6
  1253 | D:3      | Found a sacrificial altar of Ru.
  1361 | D:4      | Noticed an ogre
  1380 | D:4      | Killed an ogre
  1380 | D:4      | Reached XP level 4. HP: 15/33 MP: 8/10
  1380 | D:4      | Reached XP level 5. HP: 16/37 MP: 8/11
  1667 | D:4      | HP: 1/37 [poisoned by a worker ant]
  1668 | D:4      | Succumbed to a worker ant's poison

Action                   |  1- 3 |  4- 6 || total
-------------------------+-------+-------++-------
Melee: Hand axe          |    27 |     5 ||    32
 Fire: Hand crossbow     |    42 |    20 ||    62
  Use: Potion            |     2 |       ||     2
       Scroll            |       |     2 ||     2
 Stab: Sleeping          |     4 |       ||     4
  Eat: Meat ration       |       |     1 ||     1
